Map: Oxide LE

Players

ViBE - Winner!

  • Race: Zerg Zerg
  • League: Diamond

Bert

  • Race: Protoss Protoss
  • League: Diamond

VOD

Have the link to the VOD?

Description

Time

  • Played on: April 18, 2021, 10:24 p.m.
  • Length: 9:29
Show
View Real Time Build Order
Export as new Build Order

ViBE Zerg - Winner!

Build Orders: Hatch First, Roach Hydra 

Get SALT Encoding   

  12  0:00  Drone  
  13  0:13  Overlord  
  13  0:20  Drone  
  14  0:32  Drone x2  
  16  0:40  Drone  
  17  0:52  Hatchery  
  17  0:57  Drone  
  17  0:58  Drone  
  18  1:12  Extractor  
  18  1:13  Spawning Pool  
  16  1:19  Drone  
  16  1:24  Drone  
  18  1:28  Drone  
  19  1:48  Overlord  
  19  2:02  Queen  
  19  2:04  Queen  
  19  2:07  Drone x3  
  26  2:16  Metabolic Boost  
  26  2:18  Drone x2  
  28  2:31  Drone  
  28  2:34  Drone  
  30  2:37  Overlord  
  30  2:40  Drone, Queen  
  33  2:52  Overlord  
  33  2:58  Hatchery, Drone x3  
  35  3:10  Drone  
  35  3:11  Drone  
  37  3:19  Queen  
  39  3:29  Zergling x8  
  39  3:32  Zergling x2  
  44  3:40  Overlord  
  44  3:44  Drone  
  44  3:45  Drone x2  
  44  3:46  Drone  
  48  3:53  Overlord  
  48  3:54  Overlord  
  49  3:55  Drone x3  
  50  4:11  Drone x4  
  50  4:14  Drone x3  
  57  4:23  Drone  
  58  4:28  Drone  
  59  4:32  Drone x6  
  59  4:33  Lair  
  59  4:37  Roach Warren  
  63  4:39  Spore Crawler x2  
  63  4:41  Spore Crawler  
  63  4:43  Drone x3  
  60  4:58  Drone x4  
  64  5:05  Extractor  
  63  5:07  Extractor  
  63  5:08  Drone, Extractor  
  63  5:09  Drone x6  
  63  5:10  Extractor  
  63  5:11  Extractor  
  63  5:14  Drone  
  65  5:41  Drone x3  
  65  5:42  Drone  
  69  5:43  Glial Reconstitution, Hydralisk Den  
  69  5:44  Drone  
  69  5:45  Drone x3  
  69  5:49  Drone  
  73  5:50  Drone  
  73  5:52  Overlord x4  
  73  5:53  Roach x3  
  80  6:06  Overlord x5  
  79  6:13  Grooved Spines  
  79  6:14  Evolution Chamber  
  79  6:16  Hatchery, Drone x3  
  79  6:18  Evolution Chamber  
  78  6:19  Drone  
  79  6:28  Hydralisk  
  79  6:29  Hydralisk x6  
  93  6:35  Hydralisk x2  
  94  6:46  Hydralisk x3  
  98  6:54  Drone x2  
  98  6:55  Drone  
  98  6:56  Drone  
  98  6:57  Drone  
  98  7:01  Drone  
  100  7:04  Zergling x10  
  100  7:06  Zerg Ground Armor Level 1, Zerg Missile Weapons Level 1  
  105  7:09  Overlord x4  
  103  7:16  Queen  
  103  7:20  Zergling x14  
  112  7:24  Muscular Augments  
  112  7:28  Hydralisk x5  
  122  7:36  Hydralisk x2  
  126  7:40  Hydralisk x2  
  130  7:44  Hydralisk x4  
  130  7:46  Zergling x2  
  130  7:47  Zergling x2  
  139  7:55  Drone  
  139  7:57  Overlord x5  
  140  8:07  Hydralisk x4, Spore Crawler  
  147  8:18  Hydralisk  
  147  8:19  Hydralisk x6  
  157  8:20  Zergling x10  
  158  8:39  Roach x10  
  178  8:51  Hydralisk x6  
  190  8:59  Zergling x4  
  190  9:00  Overlord  
Show
View Real Time Build Order
Export as new Build Order

Bert Protoss 

Build Orders: 1 Gate Expand, Oracle Opening, Phoenix Opening 

Get SALT Encoding   

  12  0:00  Probe  
  13  0:12  Probe  
  14  0:17  Pylon  
  14  0:24  Probe (Chrono Boost)  
  15  0:36  Probe (Chrono Boost)  
  15  0:40  Gateway  
  16  0:45  Probe (Chrono Boost)  
  16  0:49  Assimilator  
  17  0:51  Probe  
  18  1:03  Probe  
  19  1:08  Assimilator  
  19  1:15  Probe  
  20  1:33  Probe, Nexus  
  21  1:45  Probe  
  22  1:51  Cybernetics Core  
  22  1:57  Probe  
  23  2:10  Pylon  
  23  2:16  Gateway  
  23  2:20  Pylon  
  23  2:28  Probe  
  23  2:29  Warp Gate  
  24  2:34  Stargate  
  24  2:42  Probe (Chrono Boost)  
  25  2:45  Stalker  
  25  2:49  Probe (Chrono Boost)  
  28  2:57  Probe (Chrono Boost)  
  29  2:59  Gateway  
  29  3:00  Probe (Chrono Boost)  
  30  3:09  Probe  
  31  3:16  Forge  
  31  3:20  Probe  
  31  3:23  Oracle (Chrono Boost)  
  35  3:32  Stalker  
  38  3:35  Probe (Chrono Boost)  
  38  3:39  Probe (Chrono Boost)  
  39  3:44  Probe (Chrono Boost)  
  40  3:50  Stargate  
  40  3:55  Phoenix  
  42  3:59  Probe  
  42  4:00  Probe  
  44  4:03  Assimilator  
  44  4:08  Pylon  
  40  4:38  Zealot  
  40  4:39  Zealot  
  44  4:51  Probe, Phoenix  
  44  4:52  Probe  
  47  5:01  Phoenix  
  47  5:03  Probe  
  47  5:06  Probe  
  51  5:13  Assimilator  
  51  5:16  Phoenix  
  51  5:17  Probe  
  54  5:26  Nexus, Phoenix  
  56  5:28  Protoss Air Weapons Level 1 (Chrono Boost)  
  56  5:41  Probe x2  
  58  5:43  Pylon  
  58  5:51  Twilight Council  
  58  5:53  Probe x2  
  60  6:00  Photon Cannon  
  60  6:01  Pylon  
  60  6:05  Probe  
  60  6:06  Probe  
  62  6:27  Phoenix x2  
  66  6:39  Resonating Glaives (Chrono Boost), Probe x2  
  68  6:40  Adept x2  
  68  6:41  Adept  
  74  7:04  Probe x2  
  74  7:06  Gateway  
  74  7:07  Gateway  
  76  7:09  Photon Cannon  
  76  7:12  Phoenix x2  
  76  7:14  Adept x3  
  86  7:28  Probe x2  
  88  7:32  Gateway  
  88  7:34  Photon Cannon  
  88  7:36  Assimilator  
  88  7:40  Probe x2, Assimilator  
  90  7:45  Adept  
  92  7:53  Pylon  
  92  7:55  Pylon  
  86  8:29  Sentry  
  87  8:38  Adept x3  
  87  8:39  Adept  
  95  8:43  Adept  
  97  8:51  Probe x2  
  99  8:59  Fleet Beacon  
Tags
 
Add a new tag
Caveats
  • Supply blocks, unpowered buildings, or Contaminate may cause inaccurate times.
  • Supply counts are checked every 10 seconds.